| TOP OF THE 1ST |
|
Lakeland Pilots batting - Pitching for West Palm Beach Expos : RHP Domingo Valdez
|
|
Pitching: RHP Domingo Valdez
|
|
|
Batting: RHB Nick Capra
|
0-0: Called Strike 0-1: Swinging Strike 0-2: Ball 1-2: Ball 2-2: Strikes out swinging
|
|
Batting: RHB Dave C Anderson
|
0-0: Ball 1-0: Foul Ball, location: 2F 1-1: Swinging Strike 1-2: Foul Ball, location: 2F 1-2: Ball 2-2: Ground out 6-3 (Groundball, 56, EV 99.4 MPH)
|
|
Batting: SHB Mike D Young
|
0-0: Ball 1-0: Ground out U3 (Groundball, 3L, EV 99.4 MPH)
|
| Top of the 1st over - 0 runs, 0 hits, 0 errors, 0 left on base; Lakeland 0 - West Palm Beach 0 |
| BOTTOM OF THE 1ST |
|
West Palm Beach Expos batting - Pitching for Lakeland Pilots : LHP Danny Jackson
|
|
Pitching: LHP Danny Jackson
|
|
|
Batting: RHB Roland Oruna
|
0-0: Foul Ball, location: 2F 0-1: Foul Ball, location: 2F 0-2: Ground out 5-3 (Groundball, 5, EV 101.3 MPH)
|
|
Batting: SHB Terry Pendleton
|
0-0: Called Strike 0-1: SINGLE (Line Drive, 9S, EV 86.3 MPH)
|
|
Batting: LHB Keith Hughes
|
0-0: Called Strike 0-1: Ball 1-1: Ball 2-1: DOUBLE (Groundball, 5L, EV 101.3 MPH) Terry Pendleton to third
|
|
Batting: RHB Don Berti
|
0-0: Called Strike 0-1: Foul Ball, location: 2F 0-2: Strikes out swinging
|
|
Batting: SHB Mark Pirruccello
|
0-0: Called Strike 0-1: Ball 1-1: Ball 2-1: Ball 3-1: Base on Balls
|
|
Batting: LHB Jesus Alfes
|
0-0: Ball 1-0: Foul Ball, location: 2F 1-1: Ball 2-1: Fly out, F8 (Line Drive, 8LD, EV 88.8 MPH)
|
| Bottom of the 1st over - 0 runs, 2 hits, 0 errors, 3 left on base; Lakeland 0 - West Palm Beach 0 |
| TOP OF THE 2ND |
|
Lakeland Pilots batting - Pitching for West Palm Beach Expos : RHP Domingo Valdez
|
|
Batting: LHB Mike Laga
|
0-0: Called Strike 0-1: SOLO HOME RUN (Flyball, 9D, EV 91.3 MPH), Distance : 358 ft
|
|
Batting: LHB Randy S Johnson
|
0-0: Called Strike 0-1: Ground out 5-3 (Groundball, 56S, EV 86.3 MPH)
|
|
Batting: RHB Rusty Tillman
|
0-0: SINGLE (Line Drive, 89S, EV 89.4 MPH)
|
|
Batting: LHB Larry Ray
|
0-0: Ball 1-0: Called Strike 1-1: Ball 2-1: DOUBLE (Line Drive, 9LS, EV 95.6 MPH) Rusty Tillman to third Runner from 3rd tries for Home, throw by RF and OUT! 9-4-2
|
|
Batting: RHB Alex Sanchez
|
0-0: Called Strike 0-1: Called Strike 0-2: Ball 1-2: Ball 2-2: Fly out, F8 (Flyball, 8LD, EV 99.4 MPH)
|
| Top of the 2nd over - 1 run, 3 hits, 0 errors, 1 left on base; Lakeland 1 - West Palm Beach 0 |
| BOTTOM OF THE 2ND |
|
West Palm Beach Expos batting - Pitching for Lakeland Pilots : LHP Danny Jackson
|
|
Batting: RHB Matthew Gundelfinger
|
0-0: Called Strike 0-1: Foul Ball, location: 2F 0-2: Foul Ball, location: 2F 0-2: Strikes out swinging
|
|
Batting: RHB Melvin Freeman
|
0-0: Ball 1-0: Foul Ball, location: 2F 1-1: Swinging Strike 1-2: Ball 2-2: Fly out, F8 (Line Drive, 8LD, EV 95.6 MPH)
|
|
Batting: RHB Humberto Cardenas
|
0-0: Ball 1-0: Fly out, F3 (Popup, 3SF, EV 65.6 MPH)
|
| Bottom of the 2nd over - 0 runs, 0 hits, 0 errors, 0 left on base; Lakeland 1 - West Palm Beach 0 |
| TOP OF THE 3RD |
|
Lakeland Pilots batting - Pitching for West Palm Beach Expos : RHP Domingo Valdez
|
|
Batting: RHB Dennis Delany
|
0-0: Foul Ball, location: 2F 0-1: SINGLE (Groundball, 56D, EV 96.9 MPH)
|
|
Batting: RHB Nick Capra
|
0-0: Called Strike 0-1: Ball 1-1: DOUBLE (Groundball, 3L, EV 100.0 MPH) Dennis Delany to third
|
|
Batting: RHB Dave C Anderson
|
0-0: Swinging Strike 0-1: Foul Ball, location: 2F 0-2: Ball 1-2: Foul Ball, location: 2F 1-2: Foul Ball, location: 2F 1-2: Foul Ball, location: 2F 1-2: Ball 2-2: Foul Ball, location: 2F 2-2: Fly out, F8 (Flyball, 8RS, EV 87.5 MPH)
|
|
Batting: SHB Mike D Young
|
0-0: Ball 1-0: Called Strike 1-1: Ball 2-1: Ball 3-1: Base on Balls
|
|
Batting: LHB Mike Laga
|
0-0: Ball 1-0: Swinging Strike 1-1: Ball 2-1: Called Strike 2-2: SINGLE (Line Drive, 5D, EV 103.1 MPH) Dennis Delany scores Nick Capra to third Mike D Young to second Runner from 3rd tries for Home, SAFE, throw by LF to home
|
|
Batting: LHB Randy S Johnson
|
0-0: Ball 1-0: Fly out, F7 (Flyball, 78M, EV 96.3 MPH)
|
|
Batting: RHB Rusty Tillman
|
0-0: Ball 1-0: Swinging Strike 1-1: Ball 2-1: Called Strike 2-2: Foul Ball, location: 2F 2-2: Strikes out swinging
|
| Top of the 3rd over - 2 runs, 3 hits, 0 errors, 2 left on base; Lakeland 3 - West Palm Beach 0 |
| BOTTOM OF THE 3RD |
|
West Palm Beach Expos batting - Pitching for Lakeland Pilots : LHP Danny Jackson
|
|
Batting: RHB Roland Oruna
|
0-0: Ball 1-0: Foul Ball, location: 2F 1-1: Swinging Strike 1-2: Foul Ball, location: 2F 1-2: Ball 2-2: Strikes out swinging
|
|
Batting: SHB Terry Pendleton
|
0-0: Ball 1-0: SINGLE (Groundball, 56D, EV 95.6 MPH)
|
|
Batting: LHB Keith Hughes
|
0-0: Called Strike 0-1: Ball 1-1: Ball 2-1: Fly out, F3 (Popup, 23, EV 81.3 MPH)
|
|
Batting: RHB Don Berti
|
0-0: DOUBLE (Groundball, 5L, EV 94.4 MPH) Terry Pendleton to third Runner from 3rd tries for Home, SAFE, no throw by LF
|
|
Batting: SHB Mark Pirruccello
|
0-0: Called Strike 0-1: Swinging Strike 0-2: Ball 1-2: Fly out, F8 (Line Drive, 8LD, EV 105.0 MPH)
|
| Bottom of the 3rd over - 1 run, 2 hits, 0 errors, 1 left on base; Lakeland 3 - West Palm Beach 1 |
| TOP OF THE 4TH |
|
Lakeland Pilots batting - Pitching for West Palm Beach Expos : RHP Domingo Valdez
|
|
Batting: LHB Larry Ray
|
0-0: SOLO HOME RUN (Flyball, 9D, EV 96.9 MPH), Distance : 394 ft
|
|
Batting: RHB Alex Sanchez
|
0-0: Ground out U3 (Groundball, 3S, EV 84.4 MPH)
|
|
Batting: RHB Dennis Delany
|
0-0: Called Strike 0-1: Ball 1-1: Ground out 6-3 (Groundball, 6, EV 85.6 MPH)
|
|
Batting: RHB Nick Capra
|
0-0: SINGLE (Flyball, 8RS, EV 90.0 MPH)
|
|
Batting: RHB Dave C Anderson
|
0-0: Ball 1-0: Ball 2-0: Called Strike 2-1: Ball 3-1: Base on Balls Nick Capra to second
|
|
Batting: SHB Mike D Young
|
0-0: Ball 1-0: Ball 2-0: Ball 3-0: Base on Balls Nick Capra to third Dave C Anderson to second
|
|
Batting: LHB Mike Laga
|
0-0: Called Strike 0-1: Ball Wild Pitch! Nick Capra scores Dave C Anderson to third Mike D Young to second 1-1: Swinging Strike 1-2: Foul Ball, location: 2F 1-2: Ball 2-2: Ball 3-2: Foul Ball, location: 2F 3-2: Foul Ball, location: 2F 3-2: Base on Balls
|
|
Batting: LHB Randy S Johnson
|
0-0: Reaches on Catchers interference Dave C Anderson scores Mike D Young to third Mike Laga to second
|
|
Batting: RHB Rusty Tillman
|
0-0: Ball 1-0: Foul Ball, location: 2F 1-1: Swinging Strike 1-2: Foul Ball, location: 2F 1-2: SINGLE (Groundball, 56D, EV 101.9 MPH) Mike D Young scores Mike Laga to third Randy S Johnson to second Runner from 3rd tries for Home, SAFE, throw by LF to home
|
|
Pitching: RHP Larry Freeburg
|
|
|
Batting: LHB Larry Ray
|
0-0: Swinging Strike 0-1: Ball 1-1: Foul Ball, location: 2F 1-2: Fly out, F2 (Popup, 5SF, EV 80.6 MPH)
|
| Top of the 4th over - 5 runs, 3 hits, 1 error, 2 left on base; Lakeland 8 - West Palm Beach 1 |
| BOTTOM OF THE 4TH |
|
West Palm Beach Expos batting - Pitching for Lakeland Pilots : LHP Danny Jackson
|
|
Batting: LHB Jesus Alfes
|
0-0: Ball 1-0: Called Strike 1-1: Foul Ball, location: 2F 1-2: Foul Ball, location: 2F 1-2: Ground out U3 (Groundball, 34, EV 86.3 MPH)
|
|
Batting: RHB Matthew Gundelfinger
|
0-0: Ground out 4-3 (Groundball, 4, EV 90.0 MPH)
|
|
Batting: RHB Melvin Freeman
|
0-0: Ball 1-0: DOUBLE (Line Drive, 89D, EV 106.3 MPH)
|
|
Batting: RHB Humberto Cardenas
|
0-0: Called Strike 0-1: Fly out, F9 (Flyball, 9D, EV 104.4 MPH)
|
| Bottom of the 4th over - 0 runs, 1 hit, 0 errors, 1 left on base; Lakeland 8 - West Palm Beach 1 |
| TOP OF THE 5TH |
|
Lakeland Pilots batting - Pitching for West Palm Beach Expos : RHP Larry Freeburg
|
|
Batting: RHB Alex Sanchez
|
0-0: SINGLE (Line Drive, 8LS, EV 96.3 MPH)
|
|
Batting: RHB Dennis Delany
|
0-0: Foul Ball, location: 2F 0-1: Fly out, F7 (Flyball, 78XD, EV 108.8 MPH)
|
|
Batting: RHB Nick Capra
|
0-0: Called Strike 0-1: Ball 1-1: Foul Ball, location: 2F 1-2: Ball 2-2: Fly out, F8 (Flyball, 8RS, EV 82.5 MPH)
|
|
Batting: RHB Dave C Anderson
|
0-0: Ground out 6-3 (Groundball, 6S, EV 89.4 MPH)
|
| Top of the 5th over - 0 runs, 1 hit, 0 errors, 1 left on base; Lakeland 8 - West Palm Beach 1 |
| BOTTOM OF THE 5TH |
|
West Palm Beach Expos batting - Pitching for Lakeland Pilots : LHP Danny Jackson
|
|
Batting: RHB Roland Oruna
|
0-0: Swinging Strike 0-1: Foul Ball, location: 2F 0-2: Ball 1-2: Ground out 4-3 (Groundball, 4, EV 88.8 MPH)
|
|
Batting: SHB Terry Pendleton
|
0-0: Ball 1-0: Swinging Strike 1-1: Ground out 6-3 (Groundball, 6, EV 83.1 MPH)
|
|
Batting: LHB Keith Hughes
|
0-0: Swinging Strike 0-1: Swinging Strike 0-2: Ball 1-2: Ball 2-2: Ground out 5-3 (Groundball, 56, EV 76.9 MPH)
|
| Bottom of the 5th over - 0 runs, 0 hits, 0 errors, 0 left on base; Lakeland 8 - West Palm Beach 1 |
| TOP OF THE 6TH |
|
Lakeland Pilots batting - Pitching for West Palm Beach Expos : RHP Larry Freeburg
|
|
Batting: SHB Mike D Young
|
0-0: Ball 1-0: Ball 2-0: Swinging Strike 2-1: SOLO HOME RUN (Flyball, 89XD, EV 109.4 MPH), Distance : 440 ft
|
|
Batting: LHB Mike Laga
|
0-0: Ball 1-0: Called Strike 1-1: Ball 2-1: SINGLE (Line Drive, 9LS, EV 97.5 MPH)
|
|
Batting: LHB Randy S Johnson
|
0-0: Ball 1-0: Foul Ball, location: 2F 1-1: Called Strike 1-2: Ground out 3-1 (Groundball, 34S, EV 67.5 MPH) Mike Laga to second
|
|
Batting: RHB Rusty Tillman
|
0-0: Swinging Strike 0-1: Ball 1-1: Swinging Strike 1-2: Ball 2-2: Strikes out looking
|
|
Batting: LHB Larry Ray
|
0-0: Ball 1-0: DOUBLE (Line Drive, 78XD, EV 111.3 MPH) Mike Laga scores
|
|
Batting: RHB Alex Sanchez
|
0-0: Ball 1-0: Foul Ball, location: 2F 1-1: Fly out, F8 (Flyball, 8RXD, EV 100.0 MPH)
|
| Top of the 6th over - 2 runs, 3 hits, 0 errors, 1 left on base; Lakeland 10 - West Palm Beach 1 |
| BOTTOM OF THE 6TH |
|
West Palm Beach Expos batting - Pitching for Lakeland Pilots : LHP Danny Jackson
|
|
Batting: RHB Don Berti
|
0-0: Ball 1-0: Called Strike 1-1: Reached on error, E3 (Groundball, 34, EV 81.9 MPH)
|
|
Batting: SHB Mark Pirruccello
|
0-0: Fly out, F9 (Flyball, 9LD, EV 101.3 MPH)
|
|
Batting: LHB Jesus Alfes
|
0-0: Ball 1-0: Ball 2-0: Grounds into double play, 5-4-3 (Groundball, 5S, EV 89.4 MPH)
|
| Bottom of the 6th over - 0 runs, 0 hits, 1 error, 0 left on base; Lakeland 10 - West Palm Beach 1 |
| TOP OF THE 7TH |
|
Lakeland Pilots batting - Pitching for West Palm Beach Expos : RHP Larry Freeburg
|
|
Batting: RHB Dennis Delany
|
0-0: Ball 1-0: Ball 2-0: Called Strike 2-1: Ball 3-1: Ground out 6-3 (Groundball, 6, EV 91.9 MPH)
|
|
Batting: RHB Nick Capra
|
0-0: Foul Ball, location: 2F 0-1: Ball 1-1: Ball 2-1: Ball 3-1: Base on Balls
|
|
Pitching: LHP Marion Thackston
|
|
|
Batting: RHB Dave C Anderson
|
0-0: Ball 1-0: Called Strike 1-1: Ball 2-1: Ball 3-1: Swinging Strike 3-2: Fly out, F7 (Line Drive, 7D, EV 86.3 MPH)
|
|
Batting: SHB Mike D Young
|
0-0: Ball Wild Pitch! Nick Capra to second 1-0: Swinging Strike 1-1: Foul Ball, location: 2F 1-2: Foul Ball, location: 2F 1-2: Ball 2-2: Ball 3-2: Foul Ball, location: 2F 3-2: Foul Ball, location: 2F 3-2: 2-RUN HOME RUN (Flyball, 8RXD, EV 93.1 MPH), Distance : 442 ft
|
|
Batting: LHB Mike Laga
|
0-0: Ball 1-0: Called Strike 1-1: DOUBLE (Line Drive, 7LS, EV 94.4 MPH)
|
|
Pitching: RHP Michael Supczenski
|
|
|
Batting: LHB Randy S Johnson
|
0-0: Ball 1-0: Ball 2-0: Ball 3-0: Base on Balls
|
|
Pinch Hitting: RHB Vernon Armstead
|
0-0: Ball 1-0: Swinging Strike 1-1: Called Strike 1-2: Ball 2-2: Ball 3-2: Base on Balls Mike Laga to third Randy S Johnson to second
|
|
Batting: LHB Larry Ray
|
0-0: Foul Ball, location: 2F 0-1: Foul Ball, location: 2F 0-2: Ball 1-2: Ground out 6-3 (Groundball, 6S, EV 63.1 MPH)
|
| Top of the 7th over - 2 runs, 2 hits, 0 errors, 3 left on base; Lakeland 12 - West Palm Beach 1 |
| BOTTOM OF THE 7TH |
|
West Palm Beach Expos batting - Pitching for Lakeland Pilots : LHP Danny Jackson
|
|
Now in CF: Vernon Armstead
|
|
|
Batting: RHB Matthew Gundelfinger
|
0-0: Called Strike 0-1: Foul Ball, location: 2F 0-2: Ground out 5-3 (Groundball, 5, EV 97.5 MPH)
|
|
Batting: RHB Melvin Freeman
|
0-0: Ball 1-0: Ball 2-0: Ball 3-0: Base on Balls
|
|
Batting: RHB Humberto Cardenas
|
0-0: Called Strike 0-1: Ball 1-1: Ball 2-1: Foul Ball, location: 2F 2-2: DOUBLE (Line Drive, 8LD, EV 103.1 MPH) Melvin Freeman to third Runner from 3rd tries for Home, SAFE, throw by CF to trailing runner, SAFE at third!
|
|
Batting: RHB Roland Oruna
|
0-0: Ball 1-0: Called Strike 1-1: Ball 2-1: Called Strike 2-2: Ball 3-2: Ground out 4-3 (Groundball, 4, EV 80.6 MPH) Humberto Cardenas scores
|
|
Batting: SHB Terry Pendleton
|
0-0: DOUBLE (Line Drive, 78D, EV 111.9 MPH)
|
|
Batting: LHB Keith Hughes
|
0-0: Called Strike 0-1: Swinging Strike 0-2: Ball 1-2: Foul Ball, location: 2F 1-2: Ground out U3 (Groundball, 3, EV 84.4 MPH)
|
| Bottom of the 7th over - 2 runs, 2 hits, 0 errors, 1 left on base; Lakeland 12 - West Palm Beach 3 |
| TOP OF THE 8TH |
|
Lakeland Pilots batting - Pitching for West Palm Beach Expos : RHP Michael Supczenski
|
|
Batting: RHB Alex Sanchez
|
0-0: Called Strike 0-1: SOLO HOME RUN (Line Drive, 78XD, EV 98.8 MPH), Distance : 426 ft
|
|
Batting: RHB Dennis Delany
|
0-0: Ball 1-0: Ball 2-0: Swinging Strike 2-1: Called Strike 2-2: Foul Ball, location: 2F 2-2: Ball 3-2: Foul Ball, location: 2F 3-2: Base on Balls
|
|
Batting: RHB Nick Capra
|
0-0: Fly out, F4 (Line Drive, 4, EV 65.6 MPH)
|
|
Batting: RHB Dave C Anderson
|
0-0: Hit by Pitch Dennis Delany to second
|
|
Batting: SHB Mike D Young
|
0-0: Ball 1-0: Swinging Strike 1-1: Ball 2-1: Ball 3-1: Base on Balls Dennis Delany to third Dave C Anderson to second
|
|
Batting: LHB Mike Laga
|
0-0: Ball 1-0: Ball 2-0: Ball 3-0: Base on Balls Dennis Delany scores Dave C Anderson to third Mike D Young to second
|
|
Batting: LHB Randy S Johnson
|
0-0: Ball 1-0: Fly out, F8 (Flyball, 8LD, EV 100.6 MPH) Runner from 3rd tags up, OUT at HOME! 8-2
|
| Top of the 8th over - 2 runs, 1 hit, 0 errors, 2 left on base; Lakeland 14 - West Palm Beach 3 |
| BOTTOM OF THE 8TH |
|
West Palm Beach Expos batting - Pitching for Lakeland Pilots : LHP Danny Jackson
|
|
Batting: RHB Don Berti
|
0-0: Called Strike 0-1: Fly out, F8 (Flyball, 78M, EV 89.4 MPH)
|
|
Batting: SHB Mark Pirruccello
|
0-0: Called Strike 0-1: Ball 1-1: SOLO HOME RUN (Line Drive, 78XD, EV 101.3 MPH), Distance : 413 ft
|
|
Pinch Hitting: RHB Scott Meyer
|
0-0: Foul Ball, location: 2F 0-1: Swinging Strike 0-2: Ground out 4-3 (Groundball, 4, EV 87.5 MPH)
|
|
Batting: RHB Matthew Gundelfinger
|
0-0: Called Strike 0-1: Ball 1-1: Ball 2-1: Swinging Strike 2-2: Ball 3-2: Ground out 5-3 (Groundball, 5S, EV 83.1 MPH)
|
| Bottom of the 8th over - 1 run, 1 hit, 0 errors, 0 left on base; Lakeland 14 - West Palm Beach 4 |
| TOP OF THE 9TH |
|
Lakeland Pilots batting - Pitching for West Palm Beach Expos : RHP Michael Supczenski
|
|
Now at 1B: Harold Williams
|
|
|
Batting: RHB Vernon Armstead
|
0-0: Foul Ball, location: 2F 0-1: Fly out, F8 (Flyball, 8LM, EV 94.4 MPH)
|
|
Batting: LHB Larry Ray
|
0-0: Ball 1-0: SINGLE (Line Drive, 9S, EV 100.0 MPH)
|
|
Pitching: RHP Michael Vint
|
|
|
Batting: RHB Alex Sanchez
|
0-0: Called Strike 0-1: Ball 1-1: Fly out, F6 (Line Drive, 6, EV 67.5 MPH)
|
|
Batting: RHB Dennis Delany
|
0-0: Swinging Strike 0-1: Called Strike 0-2: Fly out, F4 (Line Drive, 4, EV 70.6 MPH)
|
| Top of the 9th over - 0 runs, 1 hit, 0 errors, 1 left on base; Lakeland 14 - West Palm Beach 4 |
| BOTTOM OF THE 9TH |
|
West Palm Beach Expos batting - Pitching for Lakeland Pilots : LHP Danny Jackson
|
|
Batting: RHB Melvin Freeman
|
0-0: Ball 1-0: Called Strike 1-1: Ball 2-1: Called Strike 2-2: Foul Ball, location: 2F 2-2: Foul Ball, location: 2F 2-2: Ground out 6-3 (Groundball, 6, EV 84.4 MPH)
|
|
Batting: RHB Humberto Cardenas
|
0-0: Ball 1-0: SINGLE (Groundball, 56D, EV 99.4 MPH)
|
|
Batting: RHB Roland Oruna
|
0-0: Swinging Strike 0-1: Called Strike 0-2: Ball 1-2: Foul Ball, location: 2F 1-2: Ball 2-2: TRIPLE (Flyball, 89XD, EV 101.9 MPH) Humberto Cardenas scores
|
|
Batting: SHB Terry Pendleton
|
0-0: Called Strike 0-1: Swinging Strike 0-2: Ball 1-2: Fly out, F9 (Line Drive, 9D, EV 90.6 MPH) Runner from 3rd tags up, SCORES, no throw by RF
|
|
Batting: LHB Keith Hughes
|
0-0: Called Strike 0-1: Fly out, F7 (Line Drive, 7, EV 90.0 MPH)
|
| Bottom of the 9th over - 2 runs, 2 hits, 0 errors, 0 left on base; Lakeland 14 - West Palm Beach 6 |
|